 Dungeon Crawl Stone Soup version 0.23.2-40-g277498a001 (webtiles) character file.

Game seed: 4973613422988219978

102 FishyPogo the Poker (level 4, 0/38 HPs)
             Began as a Gnoll Wanderer on Oct 11, 2019.
             Succumbed to a scorpion's poison
             ... on level 4 of the Dungeon.
             The game lasted 00:03:27 (1117 turns).

FishyPogo the Poker (Gnoll Wanderer)                Turns: 1117, Time: 00:03:28

Health: 0/38       AC:  2    Str: 19    XL:     4   Next: 77%
Magic:  5/5        EV: 17    Int: 16    God:
Gold:   85         SH:  6    Dex: 19    Spells: 5/5 levels left

rFire    . . .     SeeInvis .   a - +2 spear
rCold    . . .     Gourm    .   c - +0 buckler
rNeg     . . .     Faith    .   d - +0 robe
rPois    .         Spirit   .   (no helmet)
rElec    .         Reflect  .   (no cloak)
rCorr    .         Harm     .   (no gloves)
MR       .....                  (no boots)
Stlth    +++.......             (no amulet)
HPRegen  0.12/turn              (no ring)
MPRegen  0.09/turn              (no ring)

@: mighty, agile, lethally poisoned (0 -> -9), flying, hasted, very quick
A: distributed training, fangs 1, strong nose
a: no special abilities


You were on level 4 of the Dungeon.
You were hungry.

You visited 1 branch of the dungeon, and saw 4 of its levels.

You collected 85 gold pieces.

Inventory:

Hand Weapons
 a - a +2 spear (weapon)
Missiles
 j - a stone (quivered)
Armour
 c - a +0 buckler (worn)
 d - a +0 robe (worn)
 n - a +0 large shield
Scrolls
 b - a scroll of teleportation
 k - a scroll of noise
Comestibles
 f - 2 rations


   Skills:
 + Level 4.7 Fighting
 + Level 1.2 Short Blades
 + Level 1.2 Long Blades
 + Level 1.2 Axes
 + Level 1.2 Maces & Flails
 + Level 6.6 Polearms
 + Level 1.2 Staves
 + Level 1.2 Slings
 + Level 4.7 Bows
 + Level 1.2 Crossbows
 + Level 1.2 Throwing
 + Level 2.8 Armour
 + Level 1.2 Dodging
 + Level 1.2 Stealth
 + Level 4.7 Shields
 + Level 1.2 Unarmed Combat
 + Level 1.2 Spellcasting
 + Level 1.0 Conjurations
 + Level 1.0 Hexes
 + Level 1.0 Charms
 + Level 1.0 Summonings
 + Level 1.0 Necromancy
 + Level 1.0 Translocations
 + Level 1.0 Transmutations
 + Level 1.0 Fire Magic
 + Level 1.0 Ice Magic
 + Level 1.0 Air Magic
 + Level 1.0 Earth Magic
 + Level 1.0 Poison Magic
 + Level 1.3 Invocations
 + Level 1.2 Evocations


You had 5 spell levels left.
You didn't know any spells.
Your spell library was empty.

Dungeon Overview and Level Annotations

Branches:
Dungeon (4/15)
 Temple: D:4-7

Altars:

Annotations:
D:3 1 runed translucent door


Innate Abilities, Weirdness & Mutations

Your experience applies equally to all skills.
You have very sharp teeth.
Your uncanny sense of smell can sniff out nearby items.


Message History

It was a potion of agility.
You feel agile all of a sudden.
* * * LOW HITPOINT WARNING * * *
You feel sick.
As you read the scroll labeled WIENUSH HAAKKYATI, it crumbles to dust.
It is a scroll of identify.
k - a scroll of noise
As you read the scroll labeled QIWKIK BOGUEKO, it crumbles to dust.
You feel blessed for a moment.
It was a scroll of remove curse.
* * * LOW HITPOINT WARNING * * *
You feel sick.
* * * LOW HITPOINT WARNING * * *
You feel sick.
* * * LOW HITPOINT WARNING * * *
You feel sick.
* * * LOW HITPOINT WARNING * * *
You feel sick.
* * * LOW HITPOINT WARNING * * *
You feel sick.
You die...

......O.#
........##
........#.
......... .........
........# ........#
........#####
..#......@.<#
.##.#######.#####.
..........†........
#..[.#..........#..
####............#
#..............
..............##.
...............#
.#####............


There were no monsters in sight!

Vanquished Creatures
  A scorpion (D:4)
  2 adders
  A leopard gecko (D:1)
  An orc (D:2)
  A ball python (D:1)
  5 bats
  4 giant cockroaches (D:1)
  4 goblins
  5 hobgoblins
  3 kobolds (D:1)
  A quokka (D:4)
  2 frilled lizards (D:1)
  2 rats (D:1)
32 creatures vanquished.

Notes
Turn   | Place    | Note
-------+----------+-------------------------------------------
     0 | D:1      | FishyPogo the Gnoll Wanderer began the quest for the Orb.
     0 | D:1      | FishyPogo set off with the following items: a +2 spear, a
                  | scroll of teleportation, a +0 buckler, a +0 robe, a ration
     0 | D:1      | Reached XP level 1. HP: 20/20 MP: 1/1
    96 | D:1      | Reached XP level 2. HP: 25/26 MP: 2/2
   157 | D:1      | Reached XP level 3. HP: 16/31 MP: 3/3
   796 | D:2      | Reached skill level 1 in Invocations
   975 | D:2      | Noticed an orc warrior
  1010 | D:3      | Found a runed translucent door.
  1085 | D:4      | Reached skill level 1 in Short Blades
  1085 | D:4      | Reached skill level 1 in Long Blades
  1085 | D:4      | Reached skill level 1 in Axes
  1085 | D:4      | Reached skill level 1 in Maces & Flails
  1085 | D:4      | Reached skill level 1 in Staves
  1085 | D:4      | Reached skill level 1 in Slings
  1085 | D:4      | Reached skill level 1 in Crossbows
  1085 | D:4      | Reached skill level 1 in Throwing
  1085 | D:4      | Reached skill level 1 in Dodging
  1085 | D:4      | Reached skill level 1 in Stealth
  1085 | D:4      | Reached skill level 1 in Unarmed Combat
  1085 | D:4      | Reached skill level 1 in Spellcasting
  1085 | D:4      | Reached skill level 1 in Evocations
  1087 | D:4      | Noticed a scorpion
  1089 | D:4      | Noticed an ogre
  1107 | D:4      | Killed a scorpion
  1107 | D:4      | Reached skill level 1 in Conjurations
  1107 | D:4      | Reached skill level 1 in Hexes
  1107 | D:4      | Reached skill level 1 in Charms
  1107 | D:4      | Reached skill level 1 in Summonings
  1107 | D:4      | Reached skill level 1 in Necromancy
  1107 | D:4      | Reached skill level 1 in Translocations
  1107 | D:4      | Reached skill level 1 in Transmutations
  1107 | D:4      | Reached skill level 1 in Fire Magic
  1107 | D:4      | Reached skill level 1 in Ice Magic
  1107 | D:4      | Reached skill level 1 in Air Magic
  1107 | D:4      | Reached skill level 1 in Earth Magic
  1107 | D:4      | Reached skill level 1 in Poison Magic
  1107 | D:4      | Reached XP level 4. HP: 8/38 MP: 5/5
  1116 | D:4      | HP: 1/38 [poisoned by a scorpion]
  1117 | D:4      | Succumbed to a scorpion's poison

Skill      XL: |  1  2  3 |
---------------+----------+-----
Invocations    | 1 |  1.3
Short Blades   | 1 |  1.2
Long Blades    | 1 |  1.2
Axes           | 1 |  1.2
Maces & Flails | 1 |  1.2
Staves         | 1 |  1.2
Slings         | 1 |  1.2
Crossbows      | 1 |  1.2
Throwing       | 1 |  1.2
Dodging        | 1 |  1.2
Stealth        | 1 |  1.2
Unarmed Combat | 1 |  1.2
Spellcasting   | 1 |  1.2
Evocations     | 1 |  1.2
Conjurations   | 1 |  1.0
Hexes          | 1 |  1.0
Charms         | 1 |  1.0
Summonings     | 1 |  1.0
Necromancy     | 1 |  1.0
Translocations | 1 |  1.0
Transmutations | 1 |  1.0
Fire Magic     | 1 |  1.0
Ice Magic      | 1 |  1.0
Air Magic      | 1 |  1.0
Earth Magic    | 1 |  1.0
Poison Magic   | 1 |  1.0
Fighting       | |  4.7
Polearms       | |  6.6
Bows           | |  4.7
Armour         | |  2.8
Shields        | |  4.7

Action                   |  1- 3 |  4- 6 || total
-------------------------+-------+-------++-------
Melee: Spear             |   100 |       ||   100
       Bite              |     5 |       ||     5
  Use: Potion            |     2 |     2 ||     4
       Scroll            |       |     2 ||     2
 Stab: Sleeping          |     4 |       ||     4
Armor: Robe              |     8 |       ||     8
Dodge: Dodged            |    31 |       ||    31
Block: Buckler           |    11 |       ||    11
